 Dungeon Crawl Stone Soup version 0.32-a0-407-g4da7c8d6d1 (webtiles) character file.

Game seed: 14929637751089613233

613 seren the Digger (level 7, -7/40 HPs)
             Began as a Gargoyle Earth Elementalist on Feb 20, 2024.
             Mangled by an orc warrior
             ... wielding a +0 dire flail
              (16 damage)
             ... on level 5 of the Dungeon.
             The game lasted 00:10:13 (4102 turns).

seren the Digger (Gargoyle Earth Elementalist)      Turns: 4102, Time: 00:10:13

Health: -7/40      AC: 11    Str: 12    XL:     7   Next: 44%
Magic:  1/11       EV: 12    Int: 17    God:
Gold:   176        SH:  0    Dex: 10    Spells: 5/12 levels left

rFire   . . .        d - +0 dagger
rCold   + . .        (no shield)
rNeg    + . .        p - +2 robe {rC+}
rPois   ∞            (no helmet)
rElec   +            q - +0 cloak
rCorr   .            (no gloves)
SInv    .            f - +0 pair of boots
Will    +....        (no amulet)
Stlth   ++           w - ring of willpower
HPRegen 0.26/turn    (no ring)
MPRegen 0.12/turn

%: no passive effects
@: very slightly contaminated
A: sickness immunity, AC +4, negative energy resistance 1, electricity
resistance, torment resistance 1, petrification resistance
a: no special abilities


You were on level 5 of the Dungeon.
You visited 2 branches of the dungeon, and saw 6 of its levels.

You collected 261 gold pieces.
You spent 85 gold pieces at shops.

Inventory:

Hand Weapons
 a - a +2 flail of holy wrath
 d - a +0 dagger (weapon)
 k - a +0 rapier
Armour
 f - a +0 pair of boots (worn)
 h - the +0 pair of gloves of the Lumpy Thickets {*Slow rC+ Slay+2}
   (You found it on level 5 of the Dungeon)

   Slay+2:    It affects your accuracy & damage with ranged weapons and melee
   (+2).
   rC+:       It protects you from cold.
   *Slow:     It may slow you when you take damage.
 p - a +2 robe of cold resistance (worn)
 q - a +0 cloak (worn)
Jewellery
 m - a ring of ice
 w - a ring of willpower (left hand)
Wands
 o - a wand of iceblast (10)
Scrolls
 c - a scroll of enchant weapon {unknown}
 g - a scroll of teleportation {unknown}
 i - 2 scrolls of vulnerability {unknown}
 j - a scroll of blinking {unknown}
 l - a scroll of poison {unknown}
 r - a scroll of enchant armour {unknown}
 v - a scroll of identify
Potions
 b - a potion of magic
 e - a potion of attraction
 n - a potion of mutation {!q}
 s - a potion of curing
 t - 5 potions of might
 u - a potion of haste {unknown}


   Skills:
 + Level 2.2 Fighting
 + Level 1.9 Armour
 + Level 2.6 Dodging
 + Level 3.9 Stealth
 + Level 3.2 Spellcasting
 * Level 3.9 Conjurations
 * Level 5.6 Earth Magic
 + Level 0.7 Evocations


You had 5 spell levels left.
You knew the following spells:

 Your Spells              Type           Power      Damage    Failure   Level
a - Sandblast             Erth           42%        2d11      1%          1
b - Passwall              Erth           21%        N/A       4%          3
c - Stone Arrow           Conj/Erth      36%        3d9       8%          3

Your spell library contained the following spells:

 Spells                   Type           Power      Damage    Failure   Level
 Shock                    Conj/Air       36%        1d5       8%          1
 Dazzling Flash           Conj/Hex       18%        N/A       22%         3
 Brom's Barrelling Bould  Conj/Erth      18%        2d4       24%         4
 Ensorcelled Hibernation  Hex/Ice        4%         N/A       26%         2
 Mephitic Cloud           Conj/Alch/Air  7%         N/A       30%         3
 Fugue of the Fallen      Necr           2%         N/A       45%         3
 Inner Flame              Hex/Fire       2%         N/A       45%         3
 Swiftness                Air            2%         N/A       45%         3
 Petrify                  Alch/Erth      12%        N/A       47%         4
 Airstrike                Air            1%         2d(1-17)  86%         4
 Anguish                  Hex/Necr       1%         N/A       86%         4
 Irradiate                Conj/Alch      4%         3d13      91%         5
 Curse of Agony           Necr           2%         N/A       99%         5
 Silence                  Hex/Air        1%         N/A       99%         5
 Ignition                 Fire           1%         3d3       100%        8


Dungeon Overview and Level Annotations

Branches:
Dungeon (5/15)             Temple (1/1) D:4

Altars:
Ashenzari
Dithmenos
Elyvilon
Fedhas
Hepliaklqana
Makhleb
Nemelex Xobeh
Okawaru
Qazlal
Ru
Sif Muna
Trog
Uskayaw
Wu Jian
Yredelemnul
Zin
The Shining One

Shops:
D:3 [   D:5 (

Annotations:
D:2 Terence
D:4 Menkaure


Innate Abilities, Weirdness & Mutations

You are immune to sickness and miasma.
Your stone body is resilient. (AC +4)
You are immune to poison.
You resist negative energy. (rN+)
You are resistant to electric shocks. (rElec)
You are resistant to unholy torment.
You are immune to petrification.


Message History

The orc warrior hits you with a +0 dire flail.
The blast of sand hits the orc warrior but does no damage.
The orc warrior is moderately wounded.
The orc warrior hits you but does no damage.
The orc warrior hits you with a +0 dire flail.
* * * LOW HITPOINT WARNING * * *
The blast of sand hits the orc warrior but does no damage.
The orc warrior is moderately wounded.
The orc warrior hits you but does no damage.
The blast of sand hits the orc warrior!
The orc warrior is severely wounded.
The orc warrior hits you with a +0 dire flail!
* * * LOW HITPOINT WARNING * * *
A hound comes into view.
The orc warrior closely misses you.
You are too injured to fight recklessly!
You are too injured to fight recklessly!
You are too injured to fight recklessly!
Casting: Sandblast (safe; 1% risk of failure)
Confirm with . or Enter, or press ? or * to list all spells.
Aiming: Sandblast (safe; 1% risk of failure)
Press: ? - help, Shift-Dir - straight line, f/p - orc warrior
Aim: an orc warrior, wielding a +0 dire flail and wearing a +0 plate armour (severely wounded, 83% to hit)
You miscast Sandblast.
You are very lightly contaminated with residual magic.
Nothing appears to happen.
The hound barks!
The orc warrior hits you with a +0 dire flail.
* * * LOW HITPOINT WARNING * * *
Casting: Sandblast (safe; 1% risk of failure)
Confirm with . or Enter, or press ? or * to list all spells.
Aiming: Sandblast (safe; 1% risk of failure)
Press: ? - help, Shift-Dir - straight line, f/p - orc warrior
Aim: an orc warrior, wielding a +0 dire flail and wearing a +0 plate armour (severely wounded, 83% to hit)
You miscast Sandblast.
Nothing appears to happen.
The orc warrior hits you with a +0 dire flail.
* * * LOW HITPOINT WARNING * * *
The orc warrior attacks as it pursues you!
The orc warrior hits you with a +0 dire flail!
You die...

#########..##
#...........######
#.......#.#......#
#..............#.##
#.......######....####
........#............#
#.......#.####....##.#
#........<# #.#.##
##.######## #.#@#
#(###### #.#o#
#......# #.#$#
#.####.# #.#h# #.# #.#
#.#?# #.# #.######.#.#
#.# #.##.....#.#
##.####.##[####..#
.†....#.##.# #.##


You could see an orc warrior and a hound.

Vanquished Creatures
  A scorpion (D:5)
  A howler monkey (D:4)
  2 bombardier beetles
  2 hounds (D:5)
  An orc priest (D:5)
  A jelly (D:5)
  2 iguanas (D:5)
  An orc wizard (D:5)
  Natasha (thrice) (D:2)
  3 gnolls (D:4)
  5 adders
  2 dart slugs
  7 orcs
  3 ball pythons
  5 endoplasms
  2 giant cockroaches
  2 goblins
  4 hobgoblins
  2 jackals (D:3)
  6 quokkas
  5 bats
  A frilled lizard (D:2)
  8 kobolds
  2 rats (D:1)
71 creatures vanquished.

Notes
Turn   | Place    | Note
-------+----------+-------------------------------------------
     0 | D:1      | seren the Gargoyle Earth Elementalist began the quest for
                  | the Orb.
     0 | D:1      | Reached XP level 1. HP: 10/10 MP: 3/3
    81 | D:1      | Reached XP level 2. HP: 15/15 MP: 0/5
   499 | D:1      | You fall into a shaft and drop 1 floor!
   517 | D:2      | Noticed Terence
   602 | D:2      | Noticed Natasha
   606 | D:2      | Killed Natasha
   607 | D:2      | Reached skill level 4 in Earth Magic
   607 | D:2      | Reached XP level 3. HP: 5/19 MP: 2/6
   847 | D:1      | Learned a level 3 spell: Passwall
   901 | D:2      | Noticed Natasha
   916 | D:2      | Killed Natasha
   917 | D:2      | Reached XP level 4. HP: 16/24 MP: 2/7
   976 | D:2      | Found an iron altar of Okawaru.
  1213 | D:2      | Noticed Natasha
  1220 | D:2      | Killed Natasha
  1438 | D:3      | Reached XP level 5. HP: 28/28 MP: 6/8
  1449 | D:3      | Found a glowing golden altar of the Shining One.
  1776 | D:3      | Reached skill level 1 in Fighting
  1838 | D:3      | Found a blossoming altar of Fedhas.
  1860 | D:3      | Found Cykka's Antique Armour Emporium.
  1882 | D:3      | Bought an embroidered robe for 85 gold pieces
  2202 | D:3      | Found a broken altar of Ashenzari.
  2206 | D:3      | Saw a vision of the Shoals and the Spider Nest.
  2206 | D:3      | Noticed a sea snake
  2206 | D:3      | Noticed a boulder beetle
  2206 | D:3      | Noticed a jumping spider
  2206 | D:3      | Noticed a sea snake
  2206 | D:3      | Noticed a redback
  2206 | D:3      | Noticed a snapping turtle
  2206 | D:3      | Noticed a manticore
  2206 | D:3      | Noticed a torpor snail
  2206 | D:3      | Noticed a demonic crawler
  2206 | D:3      | Noticed a sea snake
  2206 | D:3      | Noticed a jumping spider
  2206 | D:3      | Noticed a wind drake
  2206 | D:3      | Noticed a merfolk siren
  2206 | D:3      | Noticed a jumping spider
  2206 | D:3      | Noticed a sea snake
  2206 | D:3      | Noticed a manticore
  2207 | D:3      | Noticed a steelbarb worm
  2207 | D:3      | Noticed a wolf spider
  2207 | D:3      | Noticed a skyshark
  2207 | D:3      | Noticed a merfolk impaler
  2207 | D:3      | Noticed an emperor scorpion
  2208 | D:3      | Noticed a wolf spider
  2208 | D:3      | Noticed a wolf spider
  2208 | D:3      | Noticed a tarantella
  2208 | D:3      | Noticed a demonic crawler
  2209 | D:3      | Noticed a demonic crawler
  2210 | D:3      | Noticed a tarantella
  2450 | D:4      | Reached skill level 1 in Armour
  2537 | D:4      | Learned a level 3 spell: Stone Arrow
  2559 | D:4      | Reached XP level 6. HP: 34/34 MP: 5/10
  2603 | D:4      | Found an ornate altar of the Wu Jian Council.
  2687 | D:4      | Reached skill level 5 in Earth Magic
  2827 | D:4      | Found a staircase to the Ecumenical Temple.
  2843 | Temple   | Entered the Ecumenical Temple
  2915 | D:4      | Noticed Menkaure
  3023 | D:4      | Found a burning altar of Makhleb.
  3274 | D:5      | Entered Level 5 of the Dungeon
  3277 | D:5      | Identified the +0 pair of gloves of the Lumpy Thickets
                  | {*Slow rC+ Slay+2}
  3385 | D:5      | Reached XP level 7. HP: 40/40 MP: 6/11
  3540 | D:5      | Found a sparkling altar of Nemelex Xobeh.
  3605 | D:5      | Found Yxyhohezu's Antique Weapon Boutique.
  4102 | D:5      | Mangled by an orc warrior

Illustrated notes

Levels and vault maps discovered:
D:1:      ncdulo_lavacross, layout_loops_ring, minmay_tetromino_o2
D:2:      layout_loops_ring, basic_altar, uniq_terence, uniq_natasha
D:3:      layout_basic, fedhas_altar_1, grunt_ashenzari_visionary
          [grunt_ashenzari_visionary_shoals, grunt_ashenzari_visionary_spider],
          tso_oasis_becter, serial_shops, nicolae_shop_window_shopping,
          grunt_ministairs_15
D:4:      layout_basic, lightli_temple_of_fire, nicolae_wu_jian_wuxing_cycle,
          minmay_temple_entry_mist, uniq_menkaure
D:5:      layout_loops_ring, nemelex_diamond_rough_becter, serial_shops,
          shop_fountains
Temple:   nicolae_temple_ecumenical_triangle

Skill      XL: |  1  2  3  4  5  6 |
---------------+-------------------+-----
Dodging        | 2 |  2.6
Earth Magic    | 4 5 |  5.6
Conjurations   | 2 3 |  3.9
Stealth        | 3 |  3.9
Fighting       | 1 2 |  2.2
Armour         | 1 |  1.9
Spellcasting   | 3 |  3.2
Evocations     | |  0.7

Action                     |  1- 3 |  4- 6 |  7- 9 || total
---------------------------+-------+-------+-------++-------
  Melee: Dagger            |       |     4 |     1 ||     5
   Cast: Sandblast         |    26 |    81 |    34 ||   141
         Stone Arrow       |       |       |     1 ||     1
         Passwall          |       |       |     1 ||     1
    Use: Scroll            |       |     5 |       ||     5
   Stab: Sleeping          |       |       |     1 ||     1
 Armour: Robe              |    11 |    25 |    21 ||    57
  Dodge: Dodged            |    10 |    24 |    21 ||    55

Table legend: (Time is in decaauts)
 A = Elapsed time spent in this place.
 B = Non-inter-level travel time spent in this place.
 C = Inter-level travel time spent in this place.
 D = Time resting spent in this place.
 E = Time spent auto-exploring this place.
 F = Levels seen in this place.
 G = Mean time per level.
                   A        B        C        D        E       F      G
               +--------+--------+--------+--------+--------+-----+--------+
         Total |   4192 |   4014 |    178 |    297 |   2645 |   6 |  698.7 |
       Dungeon |   4175 |   3997 |    178 |    297 |   2645 |   5 |  835.0 |
        Temple |     16 |     16 |      0 |      0 |      0 |   1 |   16.0 |
               +--------+--------+--------+--------+--------+-----+--------+

Top non-repeatable levels by time:
     D:3: 948 daAuts
     D:4: 909 daAuts
     D:5: 849 daAuts
     D:2: 789 daAuts
     D:1: 679 daAuts
  Temple: 16 daAuts
